 Dungeon Crawl Stone Soup version 0.22-a0-136-g83a10e5 (webtiles) character file.

111 KristoblXynda the Sneak (level 4, 0/30 HPs)
             Began as a Vampire Enchanter on Feb 2, 2018.
             Slain by an orc (2 damage)
             ... on level 2 of the Dungeon.
             The game lasted 00:06:24 (2293 turns).

KristoblXynda the Sneak (Vampire Enchanter)         Turns: 2293, Time: 00:06:25

Health: 0/30       AC:  3    Str:  7    XL:     4   Next: 62%
Magic:  4/8        EV: 12    Int: 18    God:
Gold:   97         SH:  0    Dex: 14    Spells: 3/9 levels left

rFire    . . .     SeeInvis +   a - +2 dagger
rCold    . . .     Gourm    .   (no shield)
rNeg     + . .     Faith    .   b - +0 robe
rPois    .         Spirit   .   (no helmet)
rElec    .         Reflect  .   g - +0 cloak
rCorr    .         Harm     .   (no gloves)
MR       .....                  (no boots)
Stlth    +++.......             (no amulet)
HPRegen  0.10/turn              (no ring)
MPRegen  0.11/turn              (no ring)

@: no status effects
A: fangs 3, see invisible, unbreathing
a: Bat Form


You were on level 2 of the Dungeon.
You were not thirsty.

You visited 1 branch of the dungeon, and saw 2 of its levels.

You collected 97 gold pieces.

Inventory:

Hand Weapons
 a - a +2 dagger (weapon)
Armour
 b - a +0 robe (worn)
 g - a +0 cloak (worn)
Jewellery
 e - an uncursed amulet of harm {unknown}
Wands
 l - a wand of disintegration (10)
Potions
 d - 18 potions of blood
 h - a potion of might {unknown}
 i - a potion of flight {unknown}
 k - a potion of agility
Books
 c - a book of Maledictions

   Spells                             Type                      Level
   a - Corona                         Hexes                        1
   b - Ensorcelled Hibernation        Hexes/Ice                    2
   c - Confuse                        Hexes                        3
   d - Tukima's Dance                 Hexes                        3
   e - Dazzling Spray                 Conjuration/Hexes            3


   Skills:
 - Level 1.1 Short Blades
 - Level 2.1 Dodging
 + Level 6.0 Stealth
 + Level 3.1 Spellcasting
 + Level 5.8 Hexes


You had 3 spell levels left.
You knew the following spells:

 Your Spells              Type           Power        Failure   Level  Hunger
a - Corona                Hex            ###....      1%          1    None
b - Ensorcelled Hibernat  Hex/Ice        ##....       8%          2    ##.....
c - Confuse               Hex            ###.....     4%          3    ###....


Dungeon Overview and Level Annotations

Branches:
Dungeon (2/15)

Altars:


Innate Abilities, Weirdness & Mutations

You have razor-sharp teeth.
You have supernaturally acute eyesight. (SInv)
You can survive without breathing.


Message History

You closely miss the orc priest.
The orc priest is severely wounded.
The orc priest mumbles some strange prayers to Beogh against you.
Pain shoots through your body!
* * * LOW HITPOINT WARNING * * *
Casting: Confuse (safe; 4% risk of failure)
Confirm with . or Enter, or press ? or * to list all spells.
Aiming: Confuse (safe; 4% risk of failure)
Press: ? - help, Shift-Dir - straight line, p - orc wizard The orc priest appears confused.
The orc hits you but does no damage.
You catch the helpless orc priest completely off-guard!
You puncture the orc priest!
You kill the orc priest!
Your Stealth skill increases to level 6!
Your Spellcasting skill increases to level 3!
The orc barely misses you.
You hit the orc.
The orc is lightly wounded.
The orc hits you.
You die...

......#
#........................
#.........######.........
#.........######......... ###
#........................
....##((......................
##......................##...
.)..(................#...##...
.......))..........(.#........
........(...o@.......#........
........##...).......#........
........##...........#........
........##...........#........
........##...........#........
....... #.....o.....#........
....... #...........####.....
....... #........... #.....
#<......... #.....


You could see an orc wizard (confused) and an orc.

Vanquished Creatures
  An orc priest (D:2)
  An adder (D:2)
  2 worms (D:2)
  2 dart slugs
  3 leopard geckos (D:2)
  2 orcs (D:2)
  5 bats
  A giant cockroach (D:2)
  15 goblins
  3 hobgoblins (D:2)
  A quokka (D:2)
  2 frilled lizards
  6 kobolds
  11 rats
55 creatures vanquished.

Notes
Turn   | Place    | Note
-------+----------+-------------------------------------------
     0 | D:1      | KristoblXynda the Vampire Enchanter began the quest for the Orb.
     0 | D:1      | Reached XP level 1. HP: 13/13 MP: 3/3
   481 | D:1      | Reached XP level 2. HP: 19/19 MP: 5/5
   485 | D:1      | Learned a level 2 spell: Ensorcelled Hibernation
   773 | D:1      | Reached skill level 5 in Stealth
  1035 | D:2      | Reached skill level 5 in Hexes
  1167 | D:2      | Reached XP level 3. HP: 21/24 MP: 6/6
  1172 | D:2      | Learned a level 3 spell: Confuse
  1919 | D:2      | Reached XP level 4. HP: 18/30 MP: 1/8
  2292 | D:2      | Reached skill level 6 in Stealth
  2293 | D:2      | Slain by an orc

Vault maps used:
D:1:      dpeg_arrival_arbitrary_b
D:2:      cheibrodos_pilgrimage, minmay_goblin_outpost

Skill      XL: |  1  2  3  4 |
---------------+-------------+-----
Stealth        | 5 6 |  6.0
Hexes          | 5 |  5.8
Spellcasting   | 3 |  3.1
Short Blades   | |  1.1
Dodging        | |  2.1

Action                   |  1- 3 |  4- 6 || total
-------------------------+-------+-------++-------
Melee: Dagger            |   140 |    21 ||   161
       Bite              |    14 |     2 ||    16
 Cast: Ensorcelled Hiber |    26 |     8 ||    34
       Confuse           |       |     3 ||     3
  Use: Potion            |     6 |     4 ||    10
       Scroll            |     3 |       ||     3
 Stab: Sleeping          |    14 |     5 ||    19
       Confused          |       |     2 ||     2
Armor: Robe              |    38 |     3 ||    41
       Skin              |     5 |       ||     5
Dodge: Dodged            |   122 |    14 ||   136

Table legend:
 A = Spawn XP
 B = Non-spawn XP
 C = Spawn XP percentage of total XP
 D = Spawn monster count
 E = Non-spawn monster count
 F = Spawn count percentage of total count
 G = Total turns spent on level
                    A         B        C        D         E        F      G
               +---------+---------+-------+---------+---------+-------+---------
         Total |       0 |     159 |   0.0 |       0 |      55 |   0.0 |  2293
               +---------+---------+-------+---------+---------+-------+---------
           D:1 |       0 |      30 |   0.0 |       0 |      18 |   0.0 |  1033
           D:2 |       0 |     129 |   0.0 |       0 |      37 |   0.0 |  1260
               +---------+---------+-------+---------+---------+-------+---------
